[Event "*** Titled Tuesday Blitz"]
[Site "Chess.com"]
[Date "2020.11.24"]
[Round "8"]
[White "Arseniy_Nesterov"]
[Black "GigaQuparadze"]
[Result "0-1"]
[WhiteElo "2805"]
[BlackElo "2859"]
[TimeControl "180+1"]
[EndTime "11:48:34 PST"]
[Termination "GigaQuparadze won on time"]

1. d4 Nf6 2. c4 e6 3. Nf3 b6 4. a3 Ba6 5. Qc2 c5 6. d5 b5 7. e4 bxc4 8. Bxc4 exd5 9. exd5 Qe7+ 10. Be3 Ng4 11. O-O Nxe3 12. fxe3 Bxc4 13. Qxc4 d6 14. Qf4 Nd7 15. Nc3 g6 16. Nb5 Nb6 17. Ng5 f5 18. e4 O-O-O 19. exf5 Nxd5 20. Qf3 Qe3+ 21. Qxe3 Nxe3 22. Rf3 Nxf5 23. Nf7 Bg7 24. Nxd8 Rxd8 25. Rb1 a6 26. Nc3 h5 27. Nd5 Kd7 28. Nf4 Bd4+ 29. Kh1 Ne7 30. Ne2 Be5 31. g3 Ke6 32. Nf4+ Kd7 33.
b3 Rb8 34. Rd1 a5 35. Nd3 Bd4 36. Nf4 g5 37. Nxh5 Ng6 38. Nf6+ Kc6 39. Ng4 Re8 40. b4 Re4 41. bxc5 Rxg4 42. cxd6 Ne5 43. Rf6 Re4 44. d7+ Kxd7 45. Rf5 Ke6 46. Rxg5 Be3 47. Rh5 Bc5 48.
Rh6+ Ke7 49. Rh7+ Kf6 50. Rf1+ Kg6 51. Rc7 Bxa3 52. Ra7 Bb4 53. Ra6+ Kg7 54. h4 Rg4 55. Kg2 Ng6 56. Kh3 Re4 57. Ra7+ Ne7 58. g4 Re3+ 59. Kg2 Kg6 60. Ra6+ Kg7 61. Ra7 Re5 62. g5 Kg6 63.
Ra6+ Kh5 64. Rf4 Ng6 65. Rc4 Nxh4+ 66. Kh3 Ng6 67. Kg3 Rxg5+ 68. Kf2 Rf5+ 69. Ke2 Ne5 70. Re4 Kg5 71. Kd1 Nd3 72. Kc2 Nc5 73. Ree6 Nxa6 74.
Rxa6 Rf2+ 75. Kb3 Rf3+ 76. Ka4 Ra3+ 77. Kb5 Kf5 78. Ra8 Ke4 79. Re8+ Kd3 80. Rh8 Kc2 81.
Rh2+ Bd2 82. Rh4 Rg3 83. Ka4 Kb2 84. Rh2 Rd3 85. Rg2 Rd4+ 86. Kb5 a4 87. Kc5 Rd8 0-1

[Event "*** Titled Tuesday Blitz"]
[Site "Chess.com"]
[Date "2020.11.24"]
[Round "8"]
[White "Oglob71"]
[Black "kleopl"]
[Result "1/2-1/2"]
[WhiteElo "2405"]
[BlackElo "2505"]
[TimeControl "180+1"]
[EndTime "11:49:39 PST"]
[Termination "Game drawn by stalemate"]

1. d4 f5 2. g3 Nf6 3. Bg2 d6 4. c3 g6 5. Qb3 c6 6. Nd2 Bg7 7.
Nh3 e6 8. Nf4 Qe7 9. e4 Na6 10.
O-O O-O 11. Re1 Nc7 12. exf5 gxf5 13. Qa3 Kh8 14. Nc4 Nb5 15. Qb3 d5 16. Ne5 Qe8 17. Nfd3 Nd6 18. Qc2 b6 19. Bf4 Ba6 20. Rad1 Bxd3 21.
Nxd3 Qd7 22. Be5 Nc4 23. Bf4 Nh5 24. b3 Nxf4 25. Nxf4 Nd6 26. Nxe6 Rf6 27. Nxg7 Kxg7 28. Re5 Raf8 29. Rde1 R8f7 30. Qd2 f4 31. gxf4 Rxf4 32. Qxf4 Rxf4 33. Re7+ Qxe7 34. Rxe7+ Rf7 35. Re6 Rf6 36. Re7+ Rf7 37. Rxf7+ Kxf7 38. a4 Kf6 39. Kf1 h6 40. Ke2 Ke7 41. Ke3 Kf6 42. Kf4 Nf7 43.
Bh3 Ng5 44. Bg2 Ne6+ 45. Ke3 Ng5 46. f4 Nf7 47. Bh3 Nd6 48. Bd7 c5 49. Bc6 Nf5+ 50. Kd3 cxd4 51. cxd4 Ke6 52. Bb7 Kd6 53. Bc8 Ne7 54.
Bg4 Nc6 55. Bd1 Nb4+ 56. Ke3 a5 57. f5 Ke7 58. Kf4 Kf6 59. Bf3 Nc6 60. Ke3 Nb4 61. Bg4 Kg5 62. Bh3 Kf6 63. Bg4 Kg5 64. Bh3 Kf6 65.
Kd2 Kg5 66. Kc3 Kf6 67. Bg4 Kg5 68. Bh3 Kf6 69. Kd2 Kg5 70. f6 Kxf6 71. Bg2 Ke6 72. Kc3 Kd6 73. Bh3 Nc6 74. Bf5 Nb4 75. Bd3 Ke6 76.
Be2 Kf5 77. Kd2 Kf4 78. Bh5 Ke4 79. Kc3 Ke3 80. Bf7 Kf2 81. h4 Kg3 82. h5 Kf4 83. Be8 Ke3 84. Bg6 Na2+ 85. Kb2 Nb4 86. Kc3 Nc6 87. Bf7 Nxd4 88. Bxd5 Ne2+ 89. Kc4 Nd4 90. Bf7 Ke4 91. Bg6+ Ke5 92. Bd3 Ne6 93. Kb5 Nd4+ 94. Kxb6 Nxb3 95. Kb5 Kd4 96. Bg6 Nc5 97. Kxa5 Kd5 98.
Be8 Ke6 99. Kb6 Nxa4+ 100. Bxa4 Kf7 101. Bd1 Kg7 102. Kc6 Kh8 103. Kd6 Kg7 104. Ke6 Kh8 105. Kf5 Kg7 106. Ke6 Kh8 107. Kf6 Kg8 108. Kg6 Kh8 109. Kxh6 Kg8 110. Kg6 Kh8 111. h6 Kg8 112. Be2 Kh8 113. Bg4 Kg8 114. Bf5 Kh8 115. Be4 Kg8 116. Kh5 Kh8 117. h7 Kg7 118. Kg5 Kh8 119. Kh6 1/2-1/2

[Event "*** Titled Tuesday Blitz"]
[Site "Chess.com"]
[Date "2020.11.24"]
[Round "9"]
[White "LiamVrolijk"]
[Black "suyu28"]
[Result "1-0"]
[WhiteElo "2804"]
[BlackElo "2637"]
[TimeControl "180+1"]
[EndTime "11:57:53 PST"]
[Termination "LiamVrolijk won by resignation"]

1. c4 c6 2. Nf3 d5 3. d4 Nf6 4. Nc3 e6 5. Bg5 Be7 6. e3 h6 7. Bh4 O-O 8. Qc2 Nbd7 9. Rd1 Re8 10. Bd3 dxc4 11. Bxc4 b5 12. Bd3 Bb7 13. O-O a6 14.
Bxf6 Nxf6 15. Ne4 Nxe4 16. Bxe4 Qb6 17. Ne5 Rac8 18. Bh7+ 1-0

[Event "*** Titled Tuesday Blitz"]
[Site "Chess.com"]
[Date "2020.11.24"]
[Round "9"]
[White "Grandmaster2B"]
[Black "Training_Day"]
[Result "1-0"]
[WhiteElo "2528"]
[BlackElo "2364"]
[TimeControl "180+1"]
[EndTime "11:58:34 PST"]
[Termination "Grandmaster2B won by resignation"]

1. e4 e5 2. Nf3 Nc6 3. Bb5 a6 4. Ba4 Nf6 5. O-O Be7 6. Re1 b5 7. Bb3 d6 8. c3 O-O 9. h3 Nb8 10. d4 Nbd7 11. Bg5 Bb7 12. Nbd2 Nh5 13. Bxe7 Qxe7 14.
Nxe5 Nxe5 15. Qxh5 Nd3 16. Re3 Nxb2 17. Rb1 1-0

[Event "*** Titled Tuesday Blitz"]
[Site "Chess.com"]
[Date "2020.11.24"]
[Round "9"]
[White "UCantHandleDenker"]
[Black "arjwezhrtdrz"]
[Result "1-0"]
[WhiteElo "2526"]
[BlackElo "2339"]
[TimeControl "180+1"]
[EndTime "11:58:43 PST"]
[Termination "UCantHandleDenker won by resignation"]

1. Nf3 e6 2. d4 d5 3. g3 Nf6 4.
Bg2 Be7 5. O-O O-O 6. c4 dxc4 7.
Qc2 a6 8. a4 c5 9. dxc5 Qc7 10.
Na3 Nbd7 11. Nxc4 Qxc5 12. Be3 Qh5 13. h3 Nd5 14. Bd4 Qg6 15. Qxg6 hxg6 16. a5 Nb4 17. Rfc1 Nc6 18. Bc3 Nf6 19. Nfe5 Nxe5 20. Bxe5 Nd5 21.
Bxd5 exd5 22. Nb6 Ra7 23. Bb8 1-0

[Event "*** Titled Tuesday Blitz"]
[Site "Chess.com"]
[Date "2020.11.24"]
[Round "9"]
[White "onetowin"]
[Black "ARTHURMOTIVATOR"]
[Result "0-1"]
[WhiteElo "2109"]
[BlackElo "2273"]
[TimeControl "180+1"]
[EndTime "11:58:44 PST"]
[Termination "ARTHURMOTIVATOR won by resignation"]

1. d4 Nf6 2. Nf3 g6 3. g3 Bg7 4.
Bg2 O-O 5. O-O d6 6. c4 Nc6 7. Nc3 a6 8. b3 Rb8 9. Bb2 Bd7 10. d5 Na5 11. Qd2 c5 12. e4 b5 13. e5 Ng4 14.
exd6 exd6 15. h3 bxc4 16. hxg4 cxb3 17. Ne4 Nc4 18. Qe2 Nxb2 19. Qxa6 Bb5 0-1

[Event "*** Titled Tuesday Blitz"]
[Site "Chess.com"]
[Date "2020.11.24"]
[Round "9"]
[White "Jospem"]
[Black "K_A_S_T_O_R"]
[Result "1/2-1/2"]
[WhiteElo "3064"]
[BlackElo "2843"]
[TimeControl "180+1"]
[EndTime "11:58:51 PST"]
[Termination "Game drawn by agreement"]

1. e4 c5 2. Nf3 d6 3. c3 Nf6 4.
Be2 Bg4 5. d3 Nc6 6. Be3 e6 7.
Nbd2 d5 8. O-O Be7 9. Ne1 Bxe2 10. Qxe2 d4 11. Bf4 dxc3 12. bxc3 Qd7 13. Be3 Rd8 14. f4 O-O 1/2-1/2

[Event "*** Titled Tuesday Blitz"]
[Site "Chess.com"]
[Date "2020.11.24"]
[Round "9"]
[White "barriochess"]
[Black "The_Machine04"]
[Result "1-0"]
[WhiteElo "2380"]
[BlackElo "2490"]
[TimeControl "180+1"]
[EndTime "11:59:07 PST"]
[Termination "barriochess won by resignation"]

1. d4 d6 2. e4 Nf6 3. Nc3 e5 4. Nf3 Nbd7 5. a4 Be7 6. Bc4 c6 7. O-O h6 8. Ba2 Qc7 9. Re1 Nf8 10. h3 g5 11. dxe5 dxe5 12. Nd2 Ng6 13. Nc4 Be6 14.
Ne3 Qc8 15. Bxe6 Qxe6 16. Nf5 Kf8 17. Be3 Nh5 18. Qxh5 Rd8 19. Rad1 Rxd1 20. Rxd1 Nf4 21. Bxf4 1-0

[Event "*** Titled Tuesday Blitz"]
[Site "Chess.com"]
[Date "2020.11.24"]
[Round "9"]
[White "Shahinyan_ChessMood"]
[Black "Savva09022009"]
[Result "1-0"]
[WhiteElo "2822"]
[BlackElo "2545"]
[TimeControl "180+1"]
[EndTime "11:59:10 PST"]
[Termination "Shahinyan_ChessMood won by resignation"]

1. e4 c5 2. Nc3 Nc6 3. g3 d6 4.
Bg2 g6 5. d3 Bg7 6. Be3 e6 7. Qd2 Nge7 8. Bh6 O-O 9. h4 f6 10.
Bxg7 Kxg7 11. Nge2 Nd4 12. f4 e5 13. O-O Bg4 14. Rf2 Nec6 15. Raf1 Qd7 16. Nxd4 cxd4 17. Nd5 Be6 18. fxe5 fxe5 19. Nf6 Qe7 20. Qg5 Qc7 21. Nh5+ Kg8 22. Rxf8+ Rxf8 23. Rxf8+ Kxf8 24. Qh6+ Ke8 25. Nf6+ Ke7 26. Qg7+ Bf7 27. Nd5+ 1-0

[Event "*** Titled Tuesday Blitz"]
[Site "Chess.com"]
[Date "2020.11.24"]
[Round "9"]
[White "OMGCovid-19"]
[Black "Sjakkerntobi"]
[Result "0-1"]
[WhiteElo "1874"]
[BlackElo "2369"]
[TimeControl "180+1"]
[EndTime "11:59:10 PST"]
[Termination "Sjakkerntobi won by resignation"]

1. e4 e5 2. Nf3 d6 3. Bc4 Nf6 4. d4 exd4 5. O-O Be7 6. Nxd4 Nxe4 7. Re1 d5 8. Bd3 O-O 9. Bxe4 dxe4 10. Rxe4 c5 11.
Rxe7 Qxe7 12. Nf3 Nc6 13. Be3 Bg4 14. Qd5 Rad8 15. Bxc5 Rxd5 0-1

[Event "*** Titled Tuesday Blitz"]
[Site "Chess.com"]
[Date "2020.11.24"]
[Round "9"]
[White "Itk04"]
[Black "Marina_Chess_Rus"]
[Result "1-0"]
[WhiteElo "2448"]
[BlackElo "2288"]
[TimeControl "180+1"]
[EndTime "11:59:48 PST"]
[Termination "Itk04 won by checkmate"]

1. e4 e6 2. d4 d5 3. Nc3 Nf6 4. Bg5 dxe4 5. Nxe4 Nbd7 6. Nf3 Be7 7. Bxf6 Nxf6 8. Nxf6+ Bxf6 9. Bd3 c5 10. Bb5+ Bd7 11. Bxd7+ Qxd7 12. dxc5 Qxd1+ 13. Rxd1 Bxb2 14. Rb1 Bc3+ 15. Ke2 O-O-O 16. Rb3 Bf6 17. Rhb1 Rd7 18. c6 Rc7 19.
Rxb7 Kd8 20. Rb8+ Rc8 21. R1b7 Re8 22. Rd7# 1-0

[Event "*** Titled Tuesday Blitz"]
[Site "Chess.com"]
[Date "2020.11.24"]
[Round "9"]
[White "hawes33"]
[Black "Ural_bogatyr"]
[Result "0-1"]
[WhiteElo "2237"]
[BlackElo "2411"]
[TimeControl "180+1"]
[EndTime "11:59:49 PST"]
[Termination "Ural_bogatyr won by resignation"]

1. e4 e5 2. Nf3 Nc6 3. d4 exd4 4. Bc4 Nf6 5. e5 d5 6. Bb5 Nd7 7. O-O Be7 8. Bxc6 bxc6 9. e6 fxe6 10. Nxd4 Nb8 11. Qh5+ g6 12. Qh6 Bf6 13. Re1 Bxd4 14. Bg5 Bf6 15. Bf4 Kf7 16. Nc3 Nd7 17. Rad1 e5 18. Bc1 Bg7 19. Qd2 Qf6 20. Nxd5 Qd6 21.
Nb4 Qxd2 22. Rxd2 Nb6 23. Nxc6 Bb7 24. Nxe5+ Bxe5 25. Rxe5 Rhe8 26. Rxe8 Rxe8 27. Kf1 Ba6+ 0-1

[Event "*** Titled Tuesday Blitz"]
[Site "Chess.com"]
[Date "2020.11.24"]
[Round "9"]
[White "CakeinSpace2002"]
[Black "Mambastik-Fantastic"]
[Result "0-1"]
[WhiteElo "2364"]
[BlackElo "2310"]
[TimeControl "180+1"]
[EndTime "12:00:01 PST"]
[Termination "Mambastik-Fantastic won by resignation"]

1. d4 Nf6 2. c4 g6 3. Nc3 Bg7 4. e4 d6 5. Nf3 O-O 6. Be2 Nbd7 7. O-O e5 8. d5 a5 9. a3 Nh5 10. Ng5 Nf4 11. Bf3 Qxg5 12. g3 Nc5 13. Kh1 Bh3 14.
gxf4 exf4 15. Rg1 Qh4 16. Qd2 Nb3 17. Qd1 Nxa1 18. Bd2 Qxf2 19. Be1 Qxb2 0-1

[Event "*** Titled Tuesday Blitz"]
[Site "Chess.com"]
[Date "2020.11.24"]
[Round "9"]
[White "FMalexhdez"]
[Black "RaneshRatnesan"]
[Result "1-0"]
[WhiteElo "2279"]
[BlackElo "2124"]
[TimeControl "180+1"]
[EndTime "12:00:02 PST"]
[Termination "FMalexhdez won by resignation"]

1. e4 c5 2. Nf3 d6 3. d4 cxd4 4.
Nxd4 Nf6 5. Nc3 a6 6. h3 e5 7.
Nde2 h5 8. g3 b5 9. Bg2 Bb7 10. O-O Be7 11. a4 b4 12. Nd5 Nxd5 13. exd5 a5 14. c3 bxc3 15. Nxc3 Nd7 16. Nb5 g6 17.
Be3 O-O 18. Rc1 Rc8 19. Na7 Rxc1 20. Qxc1 Nb8 21. Nc6 Nxc6 22. dxc6 Bc8 23. c7 Qd7 24. Qc6 Qxc6 25. Bxc6 Bxh3 26. Rc1 Bc8 27. Bd2 f5 28. Bxa5 h4 29. gxh4 Bxh4 30. b4 Bg5 31. Rb1 e4 32. b5 e3 33. b6 Kf7 34. b7 Bxb7 35. Bxb7 1-0

[Event "*** Titled Tuesday Blitz"]
[Site "Chess.com"]
[Date "2020.11.24"]
[Round "9"]
[White "Chessalary"]
[Black "jacky72"]
[Result "0-1"]
[WhiteElo "2421"]
[BlackElo "2682"]
[TimeControl "180+1"]
[EndTime "12:00:08 PST"]
[Termination "jacky72 won by resignation"]

1. e4 e5 2. Nf3 Nc6 3. Bc4 Bc5 4. c3 Nf6 5. d3 a6 6. a4 d6 7. h3 h6 8. O-O Ba7 9. b4 g5 10. d4 g4 11. hxg4 Bxg4 12. dxe5 Nxe5 13. Be2 Nxf3+ 14. Bxf3 Rg8 15. Bxh6 Qe7 16. a5 O-O-O 17. b5 Rg6 18. Be3 Bxe3 19. fxe3 Rdg8 20. bxa6 bxa6 21. Qe2 Bxf3 22.
Qxa6+ Kd7 23. Qb5+ Kd8 24. Qb8+ Kd7 25. Qb5+ c6 26.
Qb7+ Ke6 27. Qb3+ Ke5 28. Rxf3 Rxg2+ 29. Kf1 Rg1+ 30. Ke2 R8g2+ 31. Kd3 Nxe4 32. Ra4 Nc5+ 0-1

[Event "*** Titled Tuesday Blitz"]
[Site "Chess.com"]
[Date "2020.11.24"]
[Round "9"]
[White "pavelalexandru07"]
[Black "CoachHakia"]
[Result "0-1"]
[WhiteElo "2272"]
[BlackElo "2183"]
[TimeControl "180+1"]
[EndTime "12:00:15 PST"]
[Termination "CoachHakia won by resignation"]

1. e4 d5 2. exd5 Qxd5 3. Nc3 Qa5 4. d4 Nf6 5. Nf3 Bf5 6. Bc4 c6 7. Bd2 e6 8. Nd5 Qd8 9. Nxf6+ gxf6 10. Bb3 Bd6 11. Qe2 Nd7 12. c4 Qc7 13. Rc1 O-O-O 14. O-O Bg4 15. h3 Bh5 16. Be3 Rhg8 17. d5 c5 18.
dxe6 fxe6 19. Bc2 Ne5 20. Kh1 Qc6 21. Bd1 Rxg2 22. Kxg2 Rg8+ 0-1

[Event "*** Titled Tuesday Blitz"]
[Site "Chess.com"]
[Date "2020.11.24"]
[Round "9"]
[White "Deepweb2020"]
[Black "Shuvalov"]
[Result "0-1"]
[WhiteElo "2277"]
[BlackElo "2457"]
[TimeControl "180+1"]
[EndTime "12:00:16 PST"]
[Termination "Shuvalov won by resignation"]

1. d4 Nf6 2. c4 g6 3. Nf3 Bg7 4. g3 O-O 5. Bg2 c6 6. O-O d5 7.
cxd5 cxd5 8. Nc3 Nc6 9. Bf4 Ne4 10. Ne5 Nxc3 11. bxc3 Nxe5 12. Bxe5 Be6 13. Bxg7 Kxg7 14. c4 dxc4 15. Bxb7 Rb8 16. Bg2 Qa5 17. d5 Bd7 18.
Qd4+ Kg8 19. Qxc4 Rfc8 20. Qe4 Qa3 21. h4 Rb2 22. Rab1 Bf5 23. Rbc1 Rxc1 0-1

[Event "*** Titled Tuesday Blitz"]
[Site "Chess.com"]
[Date "2020.11.24"]
[Round "9"]
[White "manipun1"]
[Black "ajdemipopushi"]
[Result "0-1"]
[WhiteElo "2264"]
[BlackElo "2447"]
[TimeControl "180+1"]
[EndTime "12:00:16 PST"]
[Termination "ajdemipopushi won by resignation"]

1. e4 c5 2. Nf3 g6 3. c3 d5 4.
exd5 Qxd5 5. d4 Bg7 6. Be3 cxd4 7.
Bxd4 Nf6 8. Na3 O-O 9. Bc4 Qe4+ 10. Qe2 Nc6 11. O-O Nxd4 12. Nxd4 e6 13. Nab5 Qxe2 14. Bxe2 Bd7 15. Nd6 Rab8 16. Bf3 b5 17. Rfd1 b4 18. Ne4 Nxe4 19. Bxe4 bxc3 20. bxc3 Rfc8 21. Rac1 Ba4 22. Re1 Rb2 23. a3 Ra2 0-1

[Event "*** Titled Tuesday Blitz"]
[Site "Chess.com"]
[Date "2020.11.24"]
[Round "9"]
[White "MF1966Idrisov"]
[Black "Mikhail_Golubev"]
[Result "0-1"]
[WhiteElo "2393"]
[BlackElo "2562"]
[TimeControl "180+1"]
[EndTime "12:00:23 PST"]
[Termination "Mikhail_Golubev won by resignation"]

1. Nf3 g6 2. d4 Bg7 3. Bf4 c5 4. c3 Qb6 5. Qb3 d5 6. e3 c4 7. Qxb6 axb6 8. Nbd2 Nc6 9. e4 e6 10. Be2 Nge7 11. O-O O-O 12. a3 b5 13. Rae1 dxe4 14.
Nxe4 Nd5 15. Bg5 Bd7 16. Nc5 Bc8 17. Ne5 Nxe5 18. dxe5 Bxe5 19. Bxc4 bxc4 20. Rxe5 f6 21. Rxd5 exd5 22. Be3 b6 0-1

[Event "*** Titled Tuesday Blitz"]
[Site "Chess.com"]
[Date "2020.11.24"]
[Round "9"]
[White "Shield12"]
[Black "Sviridov_Valery"]
[Result "1/2-1/2"]
[WhiteElo "2915"]
[BlackElo "2836"]
[TimeControl "180+1"]
[EndTime "12:00:25 PST"]
[Termination "Game drawn by repetition"]

1. e4 Nf6 2. e5 Nd5 3. d4 d6 4.
Nf3 dxe5 5. Nxe5 c6 6. Bd3 Nd7 7. Nf3 N7f6 8. h3 Nb4 9. Bc4 Bf5 10. Bb3 e6 11. O-O h6 12. a3 Nbd5 13. c4 Nb6 14.
Nc3 Be7 15. Qe2 O-O 16. Bf4 a5 17. Rad1 a4 18. Ba2 Re8 19. Rfe1 Bf8 20. Ne5 Nbd7 21. Rd2 Qa5 22. Qf3 Rad8 23. Red1 Bh7 24. Re2 Nxe5 25.
Bxe5 Nd7 26. Bg3 Nf6 27. Red2 Bg6 28. Bh4 Be7 29. Bb1 Bxb1 30. Rxb1 Qa6 31. Qe2 Rd7 32.
Rbd1 Red8 33. Bg3 Bd6 34. Bh4 Be7 35. Bg3 Bd6 36. Bh4 Be7 1/2-1/2

[Event "*** Titled Tuesday Blitz"]
[Site "Chess.com"]
[Date "2020.11.24"]
[Round "9"]
[White "Marty435"]
[Black "OscarAng"]
[Result "1-0"]
[WhiteElo "2520"]
[BlackElo "2357"]
[TimeControl "180+1"]
[EndTime "12:00:37 PST"]
[Termination "Marty435 won by checkmate"]

1. b3 e6 2. Bb2 Nf6 3. Nf3 d5 4. c4 Be7 5. g3 O-O 6. Bg2 c5 7. O-O Nc6 8. e3 Nd7 9. cxd5 exd5 10. Nc3 d4 11. exd4 Nxd4 12. Nxd4 cxd4 13. Nb5 d3 14. Rc1 a6 15. Nc7 Rb8 16. Qf3 Bf6 17. Ba3 Ne5 18. Qe4 Nc6 19. Bxf8 Qxc7 20. Bc5 Qd8 21. Bb6 Qd6 22.
Bc7 Qd7 23. Bxb8 Nxb8 24. Rfe1 Nc6 25. Qe8+ Qxe8 26. Rxe8# 1-0

[Event "*** Titled Tuesday Blitz"]
[Site "Chess.com"]
[Date "2020.11.24"]
[Round "9"]
[White "sbouchet"]
[Black "JiiHart"]
[Result "1-0"]
[WhiteElo "2321"]
[BlackElo "2085"]
[TimeControl "180+1"]
[EndTime "12:00:45 PST"]
[Termination "sbouchet won by resignation"]

1. e4 c5 2. c3 d5 3. exd5 Qxd5 4. d4 cxd4 5. cxd4 Nc6 6. Be3 e5 7. Nc3 Bb4 8. Nf3 Bg4 9. dxe5 Qxd1+ 10. Rxd1 Nge7 11.
Be2 O-O 12. O-O Bxc3 13. bxc3 Rfd8 14. h3 Be6 15. Nd4 Bxa2 16. f4 a6 17. Rd2 Bd5 18.
Rfd1 b5 19. Nxc6 1-0

[Event "*** Titled Tuesday Blitz"]
[Site "Chess.com"]
[Date "2020.11.24"]
[Round "9"]
[White "SanchezKelvin"]
[Black "malakismayil"]
[Result "1-0"]
[WhiteElo "2453"]
[BlackElo "2274"]
[TimeControl "180+1"]
[EndTime "12:00:47 PST"]
[Termination "SanchezKelvin won by resignation"]

1. d4 Nf6 2. c4 e6 3. Nf3 Bb4+ 4. Nbd2 O-O 5. g3 Nc6 6. Bg2 Bxd2+ 7. Bxd2 d6 8. O-O h6 9. Bc3 Ne4 10. Rc1 f5 11. d5 Ne7 12. dxe6 Bxe6 13. b3 Nxc3 14.
Rxc3 Nc6 15. Nd4 Bd7 16. c5 dxc5 17. Nxc6 Bxc6 18. Bxc6 bxc6 19. Rxc5 Qe7 20. Qc2 Rf6 21. e3 Qd7 22. Rc1 Rd8 23. Rxc6 Rxc6 24. Qxc6 Qxc6 25. Rxc6 Rd2 26. a4 Rb2 27. Rxc7 Rxb3 28. Rxa7 Ra3 29.
h4 h5 30. Kg2 Kh7 31. a5 Kg6 32. Kf3 Kf6 33. Ra6+ Ke5 34. Rg6 Rxa5 35. Rxg7 Ra6 36. Rh7 1-0

[Event "*** Titled Tuesday Blitz"]
[Site "Chess.com"]
[Date "2020.11.24"]
[Round "9"]
[White "Lestofante90"]
[Black "louis198"]
[Result "0-1"]
[WhiteElo "2770"]
[BlackElo "2561"]
[TimeControl "180+1"]
[EndTime "12:00:51 PST"]
[Termination "louis198 won by resignation"]

1. e4 e6 2. d4 d5 3. Nc3 dxe4 4. Nxe4 Bd7 5. Nf3 Bc6 6. Neg5 Nd7 7. Nxf7 Kxf7 8. Ng5+ Ke8 9. Bd3 Qf6 10. O-O Be7 11.
Re1 Nf8 12. c4 Rd8 13. d5 exd5 14. c5 h6 15. Nf3 Ne6 16. Ne5 Bxc5 17. Qh5+ g6 18.
Bxg6+ Kf8 19. Nd3 Ne7 20. Nxc5 Nxc5 21. Bc2 Ne4 22. Re3 Qxf2+ 0-1

[Event "*** Titled Tuesday Blitz"]
[Site "Chess.com"]
[Date "2020.11.24"]
[Round "9"]
[White "theblitzchamp"]
[Black "dopolian"]
[Result "1-0"]
[WhiteElo "2595"]
[BlackElo "2417"]
[TimeControl "180+1"]
[EndTime "12:00:56 PST"]
[Termination "theblitzchamp won by resignation"]

1. e4 Nc6 2. Nf3 d6 3. d4 Bg4 4.
Be2 e5 5. c3 Nf6 6. d5 Bxf3 7.
Bxf3 Ne7 8. Bg5 Ng6 9. Bxf6 Qxf6 10. Qa4+ Kd8 11. Nd2 Nh4 12. O-O-O g6 13. Bg4 Qe7 14.
g3 f5 15. Bh3 b5 16. Qxb5 Bh6 17. gxh4 Qxh4 18. Qd3 fxe4 19. Qg3 Qf6 20. Kb1 Bxd2 21. Rxd2 Ke7 22. Re1 Rhf8 23. Rxe4 Rab8 24. f4 1-0

[Event "*** Titled Tuesday Blitz"]
[Site "Chess.com"]
[Date "2020.11.24"]
[Round "9"]
[White "ljuks68"]
[Black "tlomigtlis"]
[Result "0-1"]
[WhiteElo "2397"]
[BlackElo "2572"]
[TimeControl "180+1"]
[EndTime "12:00:58 PST"]
[Termination "tlomigtlis won on time"]

1. e4 c5 2. Nf3 d6 3. d4 cxd4 4.
Nxd4 Nf6 5. Nc3 a6 6. Bg5 Nbd7 7.
Qe2 h6 8. Bh4 e5 9. Nf5 g6 10. Ne3 Be7 11. O-O-O b5 12. f3 Bb7 13. Bf2 Rc8 14. Ncd5 Nxd5 15. Nxd5 Bxd5 16. Rxd5 Nb6 17.
Rd1 Qc7 18. Kb1 Nc4 19. Qe1 Nb6 20. Bxb6 Qxb6 21. h4 O-O 22. h5 g5 23. g3 b4 24. Bh3 Rc7 25. f4 a5 26. Bf5 a4 0-1

[Event "*** Titled Tuesday Blitz"]
[Site "Chess.com"]
[Date "2020.11.24"]
[Round "9"]
[White "Unknown_IM"]
[Black "PawnEatingZombie"]
[Result "1-0"]
[WhiteElo "2385"]
[BlackElo "2260"]
[TimeControl "180+1"]
[EndTime "12:01:01 PST"]
[Termination "Unknown_IM won on time"]

1. e4 c6 2. d4 d5 3. exd5 cxd5 4.
Bd3 Nc6 5. c3 Qc7 6. Ne2 Bg4 7.
O-O e6 8. Qe1 Nf6 9. f3 Bh5 10.
Bg5 Bg6 11. Bxg6 hxg6 12. h3 Bd6 13. Nd2 O-O-O 14. Rc1 Kb8 15. Qf2 e5 16. Rfd1 e4 17. Bxf6 gxf6 18. fxe4 dxe4 19. Nxe4 Bh2+ 20. Kh1 f5 21. Nc5 Bd6 22. Nd3 Rh7 23. c4 Rdh8 24. Qf3 g5 25. Qxf5 g4 26. Qxg4 Qd8 27. c5 Rg8 28. Qf3 Bc7 29. d5 1-0

[Event "*** Titled Tuesday Blitz"]
[Site "Chess.com"]
[Date "2020.11.24"]
[Round "9"]
[White "TheCairnTerrier"]
[Black "Chernov_Mikhail"]
[Result "1-0"]
[WhiteElo "2182"]
[BlackElo "2319"]
[TimeControl "180+1"]
[EndTime "12:01:02 PST"]
[Termination "TheCairnTerrier won by resignation"]

1. e4 c5 2. Nf3 Nc6 3. Bb5 g6 4. Bxc6 bxc6 5. O-O Bg7 6. Re1 Nh6 7. d3 O-O 8. Nc3 e5 9. Bxh6 Bxh6 10. Nxe5 Qc7 11.
Ng4 Bg7 12. Qf3 d6 13. Nf6+ Kh8 14. e5 dxe5 15. Nce4 Qe7 16. g4 Rb8 17. b3 Bxg4 18.
Qxg4 Bxf6 19. Nxf6 Qxf6 20. Re4 Qg7 21. Qg3 Rbe8 22. Rae1 f6 23. Qe3 Qe7 24. Rc4 f5 25.
Rxc5 Qg5+ 26. Qxg5 1-0

[Event "*** Titled Tuesday Blitz"]
[Site "Chess.com"]
[Date "2020.11.24"]
[Round "9"]
[White "monalize"]
[Black "IriBu"]
[Result "0-1"]
[WhiteElo "2353"]
[BlackElo "2500"]
[TimeControl "180+1"]
[EndTime "12:01:03 PST"]
[Termination "IriBu won by resignation"]

1. e4 c5 2. Nf3 d6 3. d4 cxd4 4. Qxd4 Nf6 5. h3 Nc6 6. Qe3 g6 7. Be2 Bg7 8. O-O O-O 9. Rd1 Qc7 10. c4 Be6 11. Nc3 Nd7 12. Rb1 Nb4 13. a3 Na6 14.
Nd5 Bxd5 15. exd5 Ne5 16. Nxe5 Bxe5 17. b4 Qd7 18. Rb3 Nc7 19. Rbd3 b6 20. h4 a5 21. h5 axb4 22. axb4 Bf6 23. Bd2 Rfb8 24. hxg6 hxg6 25. Qh6 Bg7 26. Qh4 Bf6 27. Qf4 Qf5 28. Qh2 Ra2 29. Bf1 Rba8 30. Rf3 Qc2 31. Be2 Ra1 0-1

[Event "*** Titled Tuesday Blitz"]
[Site "Chess.com"]
[Date "2020.11.24"]
[Round "9"]
[White "Ladislav1969"]
[Black "vova-79"]
[Result "0-1"]
[WhiteElo "2340"]
[BlackElo "2488"]
[TimeControl "180+1"]
[EndTime "12:01:06 PST"]
[Termination "vova-79 won on time"]

1. e4 e6 2. d4 d5 3. e5 c5 4. c3 Nc6 5. Nf3 Bd7 6. a3 Qb6 7.
b4 cxd4 8. cxd4 Rc8 9. Be3 Nh6 10. Bd3 Nf5 11. O-O Be7 12. Nc3 Nxe3 13. fxe3 Nxd4 14. Nxd4 Rxc3 15. Qd2 Rc8 16. Qf2 O-O 17. Qf3 f5 18. exf6 Bxf6 19. Qh5 g6 20. Bxg6 hxg6 21. Qxg6+ Bg7 22.
Rf3 e5 0-1

[Event "*** Titled Tuesday Blitz"]
[Site "Chess.com"]
[Date "2020.11.24"]
[Round "9"]
[White "Kretov_Evgenij"]
[Black "MokshanovAlexey"]
[Result "0-1"]
[WhiteElo "2448"]
[BlackElo "2611"]
[TimeControl "180+1"]
[EndTime "12:01:07 PST"]
[Termination "MokshanovAlexey won by resignation"]

1. d4 d5 2. c4 e6 3. Nc3 Nf6 4.
cxd5 exd5 5. Bg5 c6 6. e3 Be7 7. Bd3 O-O 8. Qc2 Nbd7 9. Nf3 Re8 10. O-O Nf8 11. Rab1 Bd6 12. b4 a6 13. a4 Ng6 14.
b5 axb5 15. axb5 h6 16. Bxf6 Qxf6 17. bxc6 bxc6 18. e4 Nf4 19. e5 Qe6 20. Bh7+ Kh8 21. h3 Nxg2 22. exd6 Qxh3 23. Nh2 Nf4 24. f3 Re2 25. Qxe2 Nxe2+ 26. Nxe2 Kxh7 27. Rf2 Bf5 28. Rbf1 Bd3 29. Rg2 Bxe2 30. Rxe2 Qg3+ 31. Kh1 Qxd6 32. Ng4 Qf4 33. Ne5 Qxd4 34. Nxc6 Qc4 0-1